 Dungeon Crawl Stone Soup version 0.19.5 (webtiles) character file.

182 tidbits the Skirmisher (level 5, 7/39 HPs)
             Began as a High Elf Wanderer on July 17, 2017.
             Quit the game on level 4 of the Dungeon.
             The game lasted 00:17:34 (1462 turns).

tidbits the Skirmisher (High Elf Wanderer)          Turns: 1462, Time: 00:17:35

Health: 7/39       AC:  3    Str: 12    XL:     5   Next: 34%
Magic:  6/6        EV: 14    Int: 15    God:
Gold:   95         SH:  0    Dex: 15    Spells: 0 memorised, 4 levels left

rFire  . . .     SeeInvis .     a - +2 dagger (drain)
rCold  . . .     Gourm    .     v - -2 robe (curse)
rNeg   . . .     Faith    .     (no shield)
rPois  .         Spirit   .     E - +0 helmet
rElec  .         Reflect  .     (no cloak)
rCorr  .         Harm     .     G - +1 pair of gloves (curse)
MR     .....                    (no boots)
Stlth  ++........               (no amulet)
                                (no ring)
                                (no ring)

@: lethally poisoned (7 -> -12), about to teleport, drained
A: no striking features
a: no special abilities


You were on level 4 of the Dungeon.
You were not hungry.

You visited 1 branch of the dungeon, and saw 4 of its levels.

You collected 95 gold pieces.

Inventory:

Hand Weapons
 a - a +2 dagger of draining (weapon)
   (You took it off an orc wizard on level 3 of the Dungeon)
 b - a +0 hunting sling
   (You took it off a goblin on level 3 of the Dungeon)
 c - a +0 short sword
 f - a +0 dagger
   (You found it on level 1 of the Dungeon)
 j - a +2 dagger of speed
   (You took it off a goblin on level 2 of the Dungeon)
Missiles
 g - 29 arrows
 i - 52 stones (quivered)
 p - 14 sling bullets
 t - 22 bolts
Armour
 v - a cursed -2 robe (worn)
   (You took it off an orc wizard on level 3 of the Dungeon)
 B - a +2 scale mail
 E - a +0 helmet (worn)
   (You took it off Robin on level 3 of the Dungeon)
 G - a cursed +1 pair of gloves (worn)
   (You found it on level 2 of the Dungeon)
Potions
 e - 2 potions of brilliance
 l - 3 potions of flight
 q - a potion of lignification {unknown}
Comestibles
 d - 3 bread rations
 h - a slice of pizza
 s - a meat ration


   Skills:
 - Level 5.0(4.1) Fighting
 - Level 1.2(0.4) Short Blades
   Level 1.0(0.2) Maces & Flails
 + Level 2.4(1.6) Armour
 - Level 4.8(4.0) Dodging
 - Level 1.1(0.3) Stealth
   Level 1.0(0.2) Evocations


You had 4 spell levels left.
You didn't know any spells.

Dungeon Overview and Level Annotations

Branches:
Dungeon (4/15)
 Temple: D:4-7

Altars:


Message History

You see here 15 sling bullets.
p - 15 sling bullets Adjust (i)tems, (s)pells, or (a)bilities?
Adjust which item? (? for menu, Esc to quit)
r - an uncursed hunting sling Adjust to which letter? (? for menu, Esc to quit)
b - an uncursed hunting sling;
r - a scroll of teleportation
b - a +0 hunting sling (weapon)
Quiver which item? (- for none, * to show all) (? for menu, Esc to quit)
Quivering
p - 15 sling bullets for slings.
Firing (i - inventory. (,) - cycle):
p - 15 sling bullets (quivered)
Press: ? - help, Shift-Dir - straight line, f - quokka
Aim: a quokka You shoot a sling bullet.
The sling bullet hits the quokka.
The quokka is almost dead.
You sense an unholy aura.
a - a +1 dagger of draining (weapon)
A kobold comes into view. It is wielding a club.
The kobold shouts!
Your scale mail prevents you from hitting the quokka.
The quokka is almost dead.
The quokka bites you but does no damage.
You hit the quokka.
You kill the quokka!
You hit the kobold. You drain the kobold!
You kill the kobold!
Things that are here:
a club; a kobold corpse
There is a stone staircase leading down here.
You climb downwards.
A scorpion and 2 orc wizards come into view.
The gnoll shouts! x3; The orc wizard shouts!
The orc shouts!
The orc wizard shouts!
Found a club.
There is a stone staircase leading up here.
Unknown command.
The orc shouts!
The orc wizard casts a spell.
The orc wizard blinks!
The orc wizard points at you and mumbles some strange words.
The magic dart hits you!
You climb upwards.
There is a stone staircase leading down here.
You hit the orc wizard.
The orc wizard is lightly wounded.
The orc wizard closely misses you.
You hit the orc wizard. You drain the orc wizard!
The orc wizard is severely wounded.
The orc wizard barely misses you.
You hit the orc wizard. You drain the orc wizard!
You kill the orc wizard!
Things that are here:
a dagger; an embroidered robe
v - an embroidered robe Wear which item? (? for menu, Esc to quit)
You start removing your armour.
You continue taking off your +2 scale mail. x4
You finish taking off your +2 scale mail.
You start putting on your armour.
You continue putting on your embroidered robe. x5
You finish putting on your cursed -2 robe.
Oops, that feels deathly cold.
As you read the scroll labeled GIPHYI LEMOCUC, it crumbles to dust.
It is a scroll of amnesia.
You feel forgetful for a moment.
As you read the scroll labeled PAISYM SIROAF, it crumbles to dust.
It is a scroll of enchant weapon.
Your +1 dagger of draining glows red for a moment.
As you read the scroll labeled ZOIQ JORIUQUMP, it crumbles to dust.
It is a scroll of enchant armour.
Your cursed +0 pair of gloves glows green for a moment.
As you read the scroll labeled QOATEN ROBODATS, it crumbles to dust.
You feel aware of your surroundings.
It was a scroll of magic mapping.
Blink to where?
Press: ? - help, Dir - move target cursor, f - you Are you sure you want to cancel this blink?
Okay, then.
As you read the scroll labeled BUISUS NEHUESO, it crumbles to dust.
It was a scroll of blinking.
There is a stone staircase leading down here.
You climb downwards.
The gnoll shouts!
The scorpion stings you.
You are poisoned.
The scorpion poisons you! The gnoll barely misses you. The gnoll hits you.
The scorpion stings you.
The orc wizard hits you but does no damage.
There is a stone staircase leading up here.
As you read the scroll of teleportation, it crumbles to dust.
You feel strangely unstable.
You feel sick. The gnoll barely misses you.
The gnoll misses you. x2; The scorpion stings you.
* * * LOW HITPOINT WARNING * * *
You are lethally poisoned!
The scorpion poisons you!
The orc wizard gestures at you while chanting.
The magic dart hits you!
* * * LOW HITPOINT WARNING * * *
* * * LOW HITPOINT WARNING * * *
You feel sick.
Are you sure you want to abandon this character and quit the game? (Confirm with "yes".)

###########
#.........#
#.........#
#.........#
#.........#
#.........#
##(....g@..#
##....gggso.#
##......g.ogg#
##.....##.go....#
#...<.............
#...............).#..
#.................# #
#.................#
#....o....<.......#


You could see a scorpion, an orc wizard, 8 gnolls and 2 orcs.

Vanquished Creatures
  2 orc wizards (D:3)
  Robin (D:3)
  5 adders
  A worm (D:2)
  2 dart slugs (D:3)
  3 leopard geckos
  6 orcs (D:3)
  A giant cockroach (D:1)
  13 goblins
  4 hobgoblins
  4 jackals (D:1)
  A quokka (D:3)
  8 bats
  3 frilled lizards
  5 kobolds
  3 rats
62 creatures vanquished.

Notes
Turn   | Place    | Note
-------+----------+-------------------------------------------
     0 | D:1      | tidbits the High Elf Wanderer began the quest for the Orb.
     0 | D:1      | tidbits set off with: a +2 scale mail, a scroll of teleportation, a +0 short sword, a bread ration
     0 | D:1      | Reached XP level 1. HP: 18/18 MP: 2/2
   215 | D:1      | Reached skill level 1 in Dodging
   276 | D:1      | Reached XP level 2. HP: 24/24 MP: 3/3
   294 | D:1      | Reached skill level 2 in Dodging
   412 | D:2      | Reached skill level 3 in Dodging
   412 | D:2      | Reached XP level 3. HP: 18/29 MP: 4/4
   794 | D:3      | Noticed Robin
   917 | D:3      | Reached skill level 4 in Dodging
   985 | D:3      | Reached XP level 4. HP: 11/35 MP: 5/5
  1316 | D:3      | Reached XP level 5. HP: 20/39 MP: 6/6
  1320 | D:3      | Killed Robin
  1320 | D:3      | Reached skill level 2 in Armour
  1462 | D:4      | Quit the game

Skill      XL: |  1  2  3  4  5 |
---------------+----------------+-----
Dodging        | 1 3 4 |  4.8
Armour         | 2 |  2.4
Fighting       | |  5.0
Short Blades   | |  1.2
Maces & Flails | |  1.0
Stealth        | |  1.1
Evocations     | |  1.0

Action                   |  1- 3 |  4- 6 || total
-------------------------+-------+-------++-------
Melee: Short sword       |   134 |       ||   134
       Dagger            |    24 |   104 ||   128
 Fire: Hunting sling     |       |     1 ||     1
  Use: Potion            |     3 |     1 ||     4
       Scroll            |     2 |     7 ||     9
  Eat: Chunk             |       |     2 ||     2
Armor: Scale mail        |    86 |    58 ||   144
Dodge: Dodged            |    95 |    44 ||   139

Table legend:
 A = Turns spent in this place as a percentage of turns spent in the entire game.
 B = Non-inter-level travel turns spent in this place as a percentage of non-inter-level travel turns spent in the entire game.
 C = Inter-level travel turns spent in this place as a percentage of turns spent in this place.
 D = Turns resting spent in this place as a percentage of non-inter-level travel turns spent in this place.
 E = Turns spent auto-exploring this place as a percentage of non-inter-level travel turns spent in this place.
 F = Non-inter-level travel turns spent in this place divided by the number of levels of this place that you've seen.
                   A       B       C       D       E      F
               +-------+-------+-------+-------+-------+----------------------
         Total | 100.0 | 100.0 |   0.1 |   0.0 |   0.0 | 353.0
       Dungeon | 100.0 | 100.0 |   0.1 |   0.0 |   0.0 | 353.0
               +-------+-------+-------+-------+-------+----------------------

Table legend:
 A = Kills in this place as a percentage of kills in entire the game.
 B = Kills by you in this place as a percentage of kills by you in the entire game.
 C = Kills by friends in this place as a percentage of kills by friends in the entire game.
 D = Other kills in this place as a percentage of other kills in the entire game.
 E = Experience gained in this place as a percentage of experience gained in the entire game.
 F = Experience gained in this place divided by the number of levels of this place that you have seen.
                   A       B       C       D       E      F
               +-------+-------+-------+-------+-------+----------------------
         Total | 100.0 | 100.0 |  -nan |  -nan | 100.0 |  65.0
       Dungeon | 100.0 | 100.0 |  -nan |  -nan | 100.0 |  65.0
               +-------+-------+-------+-------+-------+----------------------

Vault maps used:
D:1:      erik_arrival_blinker_ship, minmay_pentomino_t2
D:2:      minmay_misc_feat_secret_circle
D:3:      kennysheep_goblin_castle, uniq_robin
D:4:      kennysheep_slug_shrine, lemuel_crystal_altar, kennysheep_mini,
          first_bread
